 Dungeon Crawl Stone Soup version 0.25.0-1-g7eea58d (webtiles) character file.

Game seed: 13829664188951501754

184 Brutalitops the Chiller (level 5, 0/31 HPs)
             Began as a Barachi Ice Elementalist on June 13, 2020.
             Was an Initiate of Hepliaklqana.
             Slain by an orc
             ... wielding a +0 morningstar
              (13 damage)
             ... on level 3 of the Dungeon.
             The game lasted 00:12:10 (3278 turns).

Brutalitops the Chiller (Barachi Ice Elementalist)  Turns: 3278, Time: 00:12:10

Health: 0/31       AC:  3    Str:  9    XL:     5   Next: 63%
Magic:  9/11       EV: 12    Int: 16    God:    Hepliaklqana [......]
Gold:   202        SH:  0    Dex: 13    Spells: 8/12 levels left

rFire    . . .     SeeInvis .   (no weapon)
rCold    . . .     Gourm    .   (no shield)
rNeg     . . .     Faith    .   l - +0 leather armour
rPois    .         Spirit   .   (no helmet)
rElec    .         Reflect  .   (no cloak)
rCorr    .         Harm     .   (no gloves)
MR       +....                  (no boots)
Stlth    ++........             h - amulet of magic regeneration
HPRegen  0.10/turn              j - ring of protection from magic
MPRegen  0.37/turn              (no ring)

@: slow
A: +LOS, swims, reduced essence, slowness 1, strong legs 1
a: Hop, Recall Ancestor, Ancestor Identity, Renounce Religion


You were on level 3 of the Dungeon.
You worshipped Hepliaklqana.
Hepliaklqana was noncommittal.
You were not hungry.

You visited 1 branch of the dungeon, and saw 3 of its levels.

You collected 202 gold pieces.

Inventory:

Hand Weapons
 e - a +0 club
Missiles
 g - 21 arrows
 k - 19 bolts
Armour
 l - a +0 leather armour (worn)
Jewellery
 h - an amulet of magic regeneration (around neck)
 i - an uncursed amulet of regeneration {unknown}
 j - a ring of protection from magic (left hand)
 o - an uncursed ring of poison resistance {unknown}
Scrolls
 f - a scroll of fear
 p - a scroll of noise {unknown}
 q - a scroll of magic mapping {unknown}
Potions
 a - 3 potions of curing
 b - a potion of berserk rage {unknown}
 d - a potion of ambrosia {unknown}
 m - a potion of stabbing {unknown}
Comestibles
 c - 6 rations
 n - 10 chunks of flesh


   Skills:
 + Level 0.2 Armour
 + Level 3.0 Dodging
 + Level 2.1 Stealth
 + Level 4.1 Spellcasting
 + Level 6.1 Ice Magic


You had 8 spell levels left.
You knew the following spells:

 Your Spells              Type           Power        Failure   Level  Hunger
a - Freeze                Ice            ###.         1%          1    None
b - Frozen Ramparts       Ice            ###...       5%          3    ###....

Your spell library contained the following spells:

 Spells                   Type           Power        Failure   Level  Hunger
 Ozocubu's Armour         Chrm/Ice       ##......     21%         3    ###....
 Hailstorm                Conj/Ice       ##......     54%         4    ####...
 Summon Ice Beast         Ice/Summ       ##......     54%         4    ####...


Dungeon Overview and Level Annotations

Branches:
Dungeon (3/15)

Altars:
Dithmenos
Hepliaklqana
Qazlal
Wu Jian
The Shining One


Innate Abilities, Weirdness & Mutations

You can be seen from farther away. (+LOS)
You can swim through water.
You cover ground slowly.
You can hop short distances.
Your life essence is reduced to manifest your ancestor. (-10% HP)


Message History

Confirm with . or Enter, or press ? or * to list all spells.
Aiming: Freeze (safe; 1% risk of failure)
Press: ? - help, Shift-Dir - straight line, f/p - orc wizard
Aim: an orc wizard, wielding a +0 dagger and wearing a +0 robe (moderately wounded)
You freeze the orc wizard.
The orc wizard is severely wounded.
The orc misses you.
The orc wizard casts a spell.
The orc wizard seems to speed up.
Londisizwe hits the orc.
Casting: Freeze (safe; 1% risk of failure)
Confirm with . or Enter, or press ? or * to list all spells.
Aiming: Freeze (safe; 1% risk of failure)
Press: ? - help, Shift-Dir - straight line, f/p - orc wizard
Aim: an orc wizard, wielding a +0 dagger and wearing a +0 robe (severely wounded, fast)
You freeze the orc wizard.
The orc wizard is almost dead.
The orc wizard points at you and mumbles some strange words.
The puff of flame hits you!
Londisizwe hits the orc.
The orc hits you with a +0 morningstar!
You die...

.. ... ... #.# . ...#..
##########.#....
####.......oZ...#.# .....
#@ooo....#
.......####R....####
..............### ##
........##.##...#
.##....... ##...##..##
..#...# #.#..#..#....
....######.#.#.#.#.##.###
........##....#รท.........
........##.#.#.#.#..####.


You could see the friendly Londisizwe the ancestor, 2 orc wizards, 2 orcs and a
bullfrog skeleton.

Vanquished Creatures
  An iguana (D:2)
  Robin (D:3)
  4 adders
  2 oozes
  2 worms
  3 dart slugs
  2 leopard geckos
  2 orcs (D:3)
  7 bats
  2 giant cockroaches
  13 goblins
  10 hobgoblins
  3 jackals (D:1)
  6 kobolds
  A ball python (D:1)
  10 frilled lizards
  10 rats
79 creatures vanquished.

Vanquished Creatures (collateral kills)
  An orc (D:3)
  A goblin (D:3)
  2 bats
4 creatures vanquished.

Grand Total: 83 creatures vanquished

Notes
Turn   | Place    | Note
-------+----------+-------------------------------------------
     0 | D:1      | Brutalitops the Barachi Ice Elementalist began the quest
                  | for the Orb.
     0 | D:1      | Reached XP level 1. HP: 13/13 MP: 3/3
    80 | D:1      | Reached skill level 5 in Ice Magic
   118 | D:1      | Reached XP level 2. HP: 17/19 MP: 1/5
   552 | D:1      | Reached XP level 3. HP: 22/24 MP: 0/7
   563 | D:1      | Learned a level 3 spell: Frozen Ramparts
  1726 | D:2      | Reached XP level 4. HP: 28/30 MP: 5/8
  1819 | D:2      | Found a shadowy altar of Dithmenos.
  1820 | D:2      | Noticed a shadow
  1824 | D:2      | Found a hazy altar of Hepliaklqana.
  1831 | D:2      | Became a worshipper of Hepliaklqana the Forgotten
  1893 | D:2      | Found an ornate altar of the Wu Jian Council.
  2315 | D:2      | Found a stormy altar of Qazlal.
  2315 | D:2      | Found a glowing golden altar of the Shining One.
  2469 | D:2      | Reached XP level 5. HP: 31/31 MP: 8/11
  3013 | D:3      | Noticed Robin
  3032 | D:3      | Killed Robin
  3032 | D:3      | Reached skill level 6 in Ice Magic
  3278 | D:3      | Slain by an orc

Illustrated notes

Levels and vault maps discovered:
D:1:      dpeg_arrival_concentric_ovals, layout_basic
D:2:      layout_loops_corners, riverfiend_overflow_shadow_ancestor,
          old_standard_altar, gammafunk_temple_overflow_wave
D:3:      layout_rooms, first_ration, minmay_box_of_dots, uniq_natasha,
          uniq_robin

Skill      XL: |  1  2  3  4  5 |
---------------+----------------+-----
Ice Magic      | 5 6 |  6.1
Spellcasting   | 3 4 |  4.1
Stealth        | 2 |  2.1
Dodging        | 3 |  3.0
Armour         | |  0.2

Action                   |  1- 3 |  4- 6 || total
-------------------------+-------+-------++-------
 Cast: Freeze            |    62 |    77 ||   139
  Use: Scroll            |     2 |     2 ||     4
  Eat: Chunk             |     3 |     6 ||     9
Armor: Robe              |     6 |     2 ||     8
       Leather armour    |       |    12 ||    12
Dodge: Dodged            |    31 |    27 ||    58
